 Dungeon Sprint DCSS version 0.21-a0-522-ga8338f0 (webtiles) character file.

368 Kidiri the Insei (level 6, -3/87 HPs)
             Began as a Draconian Transmuter on Dec 6, 2017.
             Was a Priest of Sif Muna.
             Slain by a tyrant leech (5 damage)
             ... in the Dungeon (Sprint VII: "The Pits").
             The game lasted 00:03:43 (1367 turns).

Kidiri the Insei (Draconian Transmuter)             Turns: 1367, Time: 00:03:44

Health: -3/87      AC:  6    Str: 18    XL:     6   Next: 41%
Magic:  10/14      EV: 15    Int: 13    God:    Sif Muna [***...]
Gold:   0          SH:  0    Dex: 13    Spells: 1/16 levels left

rFire    . . .     SeeInvis .     - Unarmed
rCold    . . .     Gourm    .   (no shield)
rNeg     . . .     Faith    .   (armour unavailable)
rPois    .         Spirit   .   (helmet restricted)
rElec    .         Reflect  .   (no cloak)
rCorr    .         Harm     .   (no gloves)
MR       .....     NoTele   +   (no boots)
Stlth    ..........             (no amulet)
HPRegen  0.24/turn              (no ring)
MPRegen  0.14/turn              (no ring)

@: berserking, very quick
A: unfitting armour, cold-blooded, AC +6
a: Divine Energy, Channel Magic, Renounce Religion


You were in the Dungeon.
You worshipped Sif Muna.
Sif Muna was most pleased with you.
You were very hungry.

You visited 1 branch

Inventory:

Missiles
 a - 7 arrows
Scrolls
 i - a scroll of blinking
 k - 3 scrolls of remove curse
 l - 5 scrolls of amnesia
 m - a scroll of summoning
Potions
 d - 5 potions of curing
 e - 2 potions of heal wounds
 f - a potion of haste
 g - 4 potions of magic
 h - a potion of berserk rage
 j - 2 potions of invisibility
Books
 b - a book of Changes

   Spells                             Type                      Level
   a - Beastly Appendage              Transmutation                1
   b - Sticks to Snakes               Transmutation                2
   c - Spider Form                    Transmutation/Poison         3
   d - Ice Form                       Ice/Transmutation            4
   e - Blade Hands                    Transmutation                5
Comestibles
 c - 8 bread rations
 n - 40 fruits
 o - 7 meat rations


   Skills:
 * Level 6.5 Fighting
 * Level 5.7 Dodging
 + Level 4.0 Stealth
 * Level 6.7 Unarmed Combat
 * Level 5.8 Spellcasting
 + Level 4.7 Transmutations
 + Level 1.8 Ice Magic
 + Level 1.6 Poison Magic


You had one spell level left.
You knew the following spells:

 Your Spells              Type           Power        Failure   Level  Hunger
a - Beastly Appendage     Tmut           ###...       2%          1    None
b - Sticks to Snakes      Tmut           ###.....     3%          2    ##.....
c - Spider Form           Tmut/Pois      ##........   14%         3    ###....
d - Ice Form              Ice/Tmut       ##......     41%         4    ####...
e - Blade Hands           Tmut           ###.......   56%         5    ######.


Dungeon Overview and Level Annotations

Branches:
Dungeon (1/1)

Altars:
Ashenzari
Cheibriados
Dithmenos
Elyvilon
Fedhas
Gozag
Hepliaklqana
Kikubaaqudgha
Makhleb
Nemelex Xobeh
Okawaru
Qazlal
Ru
Sif Muna
Trog
Uskayaw
Vehumet
Wu Jian
Xom
Yredelemnul
Zin
The Shining One
Beogh
Jiyva
Lugonu

Annotations:
D exclusions: 6 doors and 6 more exclusions


Innate Abilities, Weirdness & Mutations

Your plain brown scales are hard. (AC +6)
You cannot fit into any form of body armour.
You are cold-blooded and may be slowed by cold attacks.


Message History

The tyrant leech is moderately wounded.
The tyrant leech bites you!!
The tyrant leech draws strength from your injuries!
You slice the tyrant leech!!
Your tail-slap misses the tyrant leech.
The tyrant leech is heavily wounded.
You slice the tyrant leech!!
You tail-slap the tyrant leech, but do no damage.
The tyrant leech is almost dead.
The tyrant leech bites you!!
* * * LOW HITPOINT WARNING * * *
The tyrant leech draws strength from your injuries!
You closely miss the tyrant leech.
The tyrant leech is heavily wounded.
Unknown command.
You hit the tyrant leech but do no damage.
You tail-slap the tyrant leech!
The tyrant leech is heavily wounded.
Your hands revert to their normal proportions.
The tyrant leech bites you.
You die...

#.#........##.......#
#.#........##.......#
#'###########.......#
#.......# #########
#...#...# #...#...#
#.##.##.#+#
#...#...#w+
#...#...#@#
#.......')#
###########


You could see a tyrant leech.

Vanquished Creatures
  A bullfrog (D)
  A gnoll sergeant (D)
  5 wights (D)
  3 ufetubi (D)
  An adder zombie (D)
  A worm (D)
  A ball python (D)
  2 bat zombies (D)
  2 giant cockroaches (D)
  2 jackals (D)
  A kobold (D)
20 creatures vanquished.

Vanquished Creatures (collateral kills)
  A bat (D)
1 creature vanquished.

Grand Total: 21 creatures vanquished

Notes
Turn   | Place    | Note
-------+----------+-------------------------------------------
     0 | D        | Kidiri the Draconian Transmuter began the quest for the Orb.
     0 | D        | Reached XP level 1. HP: 16/16 MP: 3/3
    84 | D        | Found a bloodstained altar of Trog.
    84 | D        | Found a deep blue altar of Sif Muna.
    84 | D        | Found a viscous altar of Jiyva.
    84 | D        | Found a hazy altar of Hepliaklqana.
    84 | D        | Found an opulent altar of Gozag.
    85 | D        | Found a glowing golden altar of the Shining One.
    85 | D        | Found a glowing silver altar of Zin.
    85 | D        | Found a basalt altar of Yredelemnul.
    85 | D        | Found a shimmering altar of Xom.
    85 | D        | Found an ornate altar of the Wu Jian Council.
    85 | D        | Found a sacrificial altar of Ru.
    85 | D        | Found a stormy altar of Qazlal.
    85 | D        | Found an iron altar of Okawaru.
    85 | D        | Found a sparkling altar of Nemelex Xobeh.
    85 | D        | Found a burning altar of Makhleb.
    85 | D        | Found a blossoming altar of Fedhas.
    85 | D        | Found a white marble altar of Elyvilon.
    85 | D        | Found a shadowy altar of Dithmenos.
    85 | D        | Found a snail-covered altar of Cheibriados.
    87 | D        | Found a radiant altar of Vehumet.
    87 | D        | Found a corrupted altar of Lugonu.
    87 | D        | Found a roughly hewn altar of Beogh.
    88 | D        | Found a hide-covered altar of Uskayaw.
    88 | D        | Found an ancient bone altar of Kikubaaqudgha.
    88 | D        | Found a shattered altar of Ashenzari.
    90 | D        | Became a worshipper of Sif Muna the Loreminder
   111 | D        | Reached skill level 1 in Stealth
   111 | D        | Reached XP level 2. HP: 18/24 MP: 2/5
   119 | D        | Learned a level 2 spell: Sticks to Snakes
   428 | D        | Reached * piety under Sif Muna
   536 | D        | Noticed a wight
   536 | D        | Noticed a bullfrog
   539 | D        | Noticed a wight
   547 | D        | Reached XP level 3. HP: 29/31 MP: 5/7
   552 | D        | Killed a bullfrog
   552 | D        | Reached XP level 4. HP: 40/40 MP: 6/10
   556 | D        | Reached ** piety under Sif Muna
   556 | D        | Reached skill level 5 in Unarmed Combat
   557 | D        | Reached XP level 5. HP: 47/47 MP: 7/11
   560 | D        | Reached skill level 5 in Fighting
   597 | D        | Reached skill level 5 in Dodging
   597 | D        | Reached skill level 5 in Spellcasting
   616 | D        | Learned a level 3 spell: Spider Form
   621 | D        | Learned a level 4 spell: Ice Form
   669 | D        | Reached XP level 6. HP: 28/57 MP: 10/14
   680 | D        | Reached *** piety under Sif Muna
   680 | D        | Reached skill level 1 in Ice Magic
   680 | D        | Reached skill level 1 in Poison Magic
  1004 | D        | Learned a level 5 spell: Blade Hands
  1354 | D        | Noticed a tyrant leech
  1365 | D        | HP: 1/87 [tyrant leech (26)]
  1367 | D        | Slain by a tyrant leech

Vault maps used:
D:        pitsprint

Skill      XL: |  1  2  3  4  5  6 |
---------------+-------------------+-----
Dodging        | 2 3 4 5 |  5.7
Fighting       | 2 3 4 6 |  6.5
Stealth        | 1 2 3 4 |  4.0
Spellcasting   | 3 4 5 |  5.8
Unarmed Combat | 4 5 6 |  6.7
Transmutations | 3 4 |  4.7
Ice Magic      | 1 |  1.8
Poison Magic   | 1 |  1.6

Action                   |  1- 3 |  4- 6 || total
-------------------------+-------+-------++-------
Melee: Unarmed           |    48 |    68 ||   116
       Headbutt          |     5 |     3 ||     8
       Tailslap          |     5 |     7 ||    12
       Kick              |     1 |     4 ||     5
       Punch             |     1 |     1 ||     2
 Cast: Beastly Appendage |     5 |     1 ||     6
       Sticks to Snakes  |     3 |     2 ||     5
       Spider Form       |       |     2 ||     2
       Blade Hands       |       |     1 ||     1
  Use: Potion            |     1 |     6 ||     7
 Stab: Sleeping          |       |     1 ||     1
  Eat: Chunk             |       |     2 ||     2
Armor: Skin              |    34 |    12 ||    46
Dodge: Dodged            |    75 |    52 ||   127

Table legend:
 A = Spawn XP
 B = Non-spawn XP
 C = Spawn XP percentage of total XP
 D = Spawn monster count
 E = Non-spawn monster count
 F = Spawn count percentage of total count
 G = Total turns spent on level
                    A         B        C        D         E        F      G
               +---------+---------+-------+---------+---------+-------+---------
         Total |       0 |     527 |   0.0 |       0 |      21 |   0.0 |  1367
               +---------+---------+-------+---------+---------+-------+---------
             D |       0 |     527 |   0.0 |       0 |      21 |   0.0 |  1367
               +---------+---------+-------+---------+---------+-------+---------
